 Dungeon Crawl Stone Soup version 0.27.1-2-g3b301248ec (webtiles) character file.

Game seed: 12335143148875234898

284 Rickety the Stinger (level 6, -3/44 HPs)
             Began as a Gnoll Venom Mage on Sept 24, 2021.
             Slain by a hornet zombie (6 damage)
             ... on level 4 of the Dungeon.
             The game lasted 00:11:19 (4779 turns).

Rickety the Stinger (Gnoll Venom Mage)              Turns: 4779, Time: 00:11:20

Health: -3/44      AC:  2    Str:  7    XL:     6   Next: 29%
Magic:  10/23      EV: 13    Int: 16    God:
Gold:   21         SH:  4    Dex: 13    Spells: 6/15 levels left

rFire    . . .     SeeInvis .   l - +2 short sword (protect)
rCold    . . .     Faith    .   h - +0 buckler {rPois}
rNeg     . . .     Spirit   .   a - +0 robe
rPois    +         Reflect  .   (no helmet)
rElec    .         Harm     .   (no cloak)
rCorr    .         Rampage  .   (no gloves)
Will     .....                  (no boots)
Stlth    +++.......             (no amulet)
HPRegen  0.14/turn              q - ring of magical power
MPRegen  0.18/turn              (no ring)

@: sluggish, very slow
A: fangs 1, strong nose, distributed training
a: no special abilities


You were on level 4 of the Dungeon.
You visited 1 branch of the dungeon, and saw 4 of its levels.

You collected 140 gold pieces.
You spent 119 gold pieces at shops.

Inventory:

Hand Weapons
 l - a +2 short sword of protection (weapon)
Missiles
 c - 33 poisoned darts
Armour
 a - a +0 robe (worn)
 h - a +0 buckler of poison resistance (worn)
Jewellery
 q - a ring of magical power (left hand)
Scrolls
 d - a scroll of immolation
 e - a scroll of teleportation {unknown}
 f - 7 scrolls of identify {unknown}
 g - a scroll of brand weapon {unknown}
 m - 2 scrolls of magic mapping {unknown}
 o - a scroll of torment {unknown}
 r - a scroll of enchant weapon {unknown}
Potions
 b - a potion of brilliance {unknown}
 i - a potion of attraction {unknown}
 j - a potion of invisibility {unknown}
 k - a potion of degeneration {unknown}
 n - a potion of curing


   Skills:
 + Level 1.9 Fighting
 + Level 1.9 Short Blades
 + Level 1.9 Long Blades
 + Level 1.9 Axes
 + Level 1.9 Maces & Flails
 + Level 1.9 Polearms
 + Level 1.9 Staves
 + Level 1.9 Slings
 + Level 1.9 Bows
 + Level 1.9 Crossbows
 + Level 1.9 Throwing
 + Level 1.9 Armour
 + Level 4.9 Dodging
 + Level 4.5 Stealth
 + Level 1.9 Shields
 + Level 1.9 Unarmed Combat
 + Level 5.3 Spellcasting
 + Level 1.5 Conjurations
 + Level 1.5 Hexes
 + Level 1.5 Summonings
 + Level 1.5 Necromancy
 + Level 1.5 Translocations
 + Level 2.6 Transmutations
 + Level 1.5 Fire Magic
 + Level 1.5 Ice Magic
 + Level 1.5 Air Magic
 + Level 1.5 Earth Magic
 + Level 5.6 Poison Magic
 + Level 2.1 Invocations
 + Level 1.9 Evocations


You had 6 spell levels left.
You knew the following spells:

 Your Spells              Type           Power      Damage    Failure   Level
a - Sting                 Tmut/Pois      68%        1d6       3%          1
m - Mephitic Cloud        Conj/Pois/Air  13%        N/A       17%         3
v - Poisonous Vapours     Pois/Air       30%        N/A       6%          2
w - Swiftness             Air            9%         N/A       30%         3

Your spell library contained the following spells:

 Spells                   Type           Power      Damage    Failure   Level
 Shock                    Conj/Air       36%        1d5       10%         1
 Olgreb's Toxic Radiance  Pois           22%        N/A       19%         4
 Airstrike                Air            4%         N/A       69%         4


Dungeon Overview and Level Annotations

Branches:
Dungeon (4/15)
 Temple: D:4-7

Altars:

Shops:
D:1 [   D:2 =(

Annotations:
D:3 1 runed translucent door, pkoi's ghost, amateur MiGl


Innate Abilities, Weirdness & Mutations

You have very sharp teeth.
Your uncanny sense of smell can sniff out nearby items.
Your experience applies equally to all skills.


Message History

The sting hits the hornet zombie.
The hornet zombie is severely damaged.
The hornet zombie barely misses you.
Aiming: Sting (safe; 3% risk of failure)
Press: ? - help, Q - select action, (/) - cycle Shift-Dir - straight line, f/p - hornet zombie
Aim: a hornet zombie (severely damaged, 77% to hit)
The sting hits the hornet zombie.
The hornet zombie partially resists.
The hornet zombie is severely damaged.
The hornet zombie hits you.
* * * LOW HITPOINT WARNING * * *
The hornet zombie hits you.
* * * LOW HITPOINT WARNING * * *
The kobold shouts!
You hit the hornet zombie.
Your weapon exudes an aura of protection.
The hornet zombie is almost destroyed.
The hornet zombie barely misses you.
You hit the hornet zombie.
The hornet zombie is almost destroyed.
The hornet zombie hits you but does no damage.
You hit the hornet zombie but do no damage.
The hornet zombie is almost destroyed.
You feel sluggish.
The hornet zombie hits you but does no damage.
The hornet zombie closely misses you.
You hit the hornet zombie but do no damage.
The hornet zombie is almost destroyed.
The hornet zombie hits you!
* * * LOW HITPOINT WARNING * * *
The kobold throws a stone.
The stone barely misses you.
The stone closely misses the hornet zombie.
You aren't carrying any items that you can evoke.
Unknown command.
You feel much better. The hornet zombie hits you. The hornet zombie hits you!
* * * LOW HITPOINT WARNING * * *
The kobold closely misses you.
The kobold hits you with a +0 short sword.
* * * LOW HITPOINT WARNING * * *
The hornet zombie hits you.
You die...

..................# #
#......#.##..........# # ##
#......#.............# #
#####....#......#####.........# #
......##'#.........#....##...## #
......#......................####
......+.........................#
......#...........^....>........#
......####.....Z@...............#
................K.#....##.......#
#..?..................##.......#
#.....................##.......#
......#..###............#.......#
#######.......#########.#.......#
#.####### #######.######### #.#
##.......# # ... .........# #


You could see a hornet zombie and a kobold.

Vanquished Creatures
  An ogre (D:4)
  A hound (D:4)
  Terence (D:3)
  A hound skeleton (D:3)
  3 gnolls (D:2)
  3 adders
  2 dart slugs (D:1)
  5 orcs (D:3)
  10 ball pythons
  7 bats
  4 endoplasms
  4 giant cockroaches
  6 goblins
  3 hobgoblins
  3 jackals (D:2)
  2 quokkas
  2 frilled lizards
  10 kobolds
  5 rats
73 creatures vanquished.

Vanquished Creatures (others)
  6 fungi (D:2)
  A plant (D:2)
  A withered plant (D:2)
8 creatures vanquished.

Grand Total: 81 creatures vanquished

Notes
Turn   | Place    | Note
-------+----------+-------------------------------------------
     0 | D:1      | Rickety the Gnoll Venom Mage began the quest for the Orb.
     0 | D:1      | Reached XP level 1. HP: 13/13 MP: 6/6
   135 | D:1      | Found Gufas's Armour Boutique.
   229 | D:1      | Reached XP level 2. HP: 19/19 MP: 3/7
   232 | D:1      | Learned a level 2 spell: Poisonous Vapours
   668 | D:1      | Reached XP level 3. HP: 25/25 MP: 6/9
   672 | D:1      | Learned a level 3 spell: Mephitic Cloud
   714 | D:1      | Reached skill level 5 in Spellcasting
   863 | D:1      | Bought a +0 buckler of poison resistance for 119 gold
                  | pieces
  1295 | D:2      | Reached skill level 1 in Invocations
  1458 | D:2      | Found Eguossau's Jewellery Shoppe.
  1659 | D:2      | Found Sana's Antique Weapon Shoppe.
  1822 | D:2      | Found a faded altar of an unknown god.
  1834 | D:2      | Reached skill level 1 in Fighting
  1834 | D:2      | Reached skill level 1 in Short Blades
  1834 | D:2      | Reached skill level 1 in Long Blades
  1834 | D:2      | Reached skill level 1 in Axes
  1834 | D:2      | Reached skill level 1 in Maces & Flails
  1834 | D:2      | Reached skill level 1 in Polearms
  1834 | D:2      | Reached skill level 1 in Staves
  1834 | D:2      | Reached skill level 1 in Slings
  1834 | D:2      | Reached skill level 1 in Bows
  1834 | D:2      | Reached skill level 1 in Crossbows
  1834 | D:2      | Reached skill level 1 in Throwing
  1834 | D:2      | Reached skill level 1 in Armour
  1834 | D:2      | Reached skill level 1 in Shields
  1834 | D:2      | Reached skill level 1 in Unarmed Combat
  1834 | D:2      | Reached skill level 1 in Evocations
  1834 | D:2      | Reached XP level 4. HP: 19/32 MP: 1/11
  2620 | D:2      | Reached skill level 1 in Conjurations
  2620 | D:2      | Reached skill level 1 in Hexes
  2620 | D:2      | Reached skill level 1 in Summonings
  2620 | D:2      | Reached skill level 1 in Necromancy
  2620 | D:2      | Reached skill level 1 in Translocations
  2620 | D:2      | Reached skill level 1 in Fire Magic
  2620 | D:2      | Reached skill level 1 in Ice Magic
  2620 | D:2      | Reached skill level 1 in Air Magic
  2620 | D:2      | Reached skill level 1 in Earth Magic
  3189 | D:3      | Found a runed translucent door.
  3189 | D:3      | Noticed pkoi's ghost (amateur MiGl)
  3270 | D:3      | Reached XP level 5. HP: 35/37 MP: 12/12
  3494 | D:3      | Noticed Terence
  3506 | D:3      | Killed Terence
  4254 | D:4      | Learned a level 3 spell: Swiftness
  4399 | D:4      | Noticed an ogre
  4410 | D:4      | Killed an ogre
  4411 | D:4      | Reached XP level 6. HP: 44/44 MP: 6/14
  4776 | D:4      | HP: 2/44 [hornet zombie (7)]
  4779 | D:4      | Slain by a hornet zombie

Illustrated notes

Levels and vault maps discovered:
D:1:      lemuel_arrival_muddy, layout_rooms, serial_shops,
          nicolae_shop_crystal, roderic_lattice_a, minmay_close_crescents
D:2:      layout_loops_corners, shapermc_ecumenical_altar_gd, serial_shops,
          shop, nicolae_square_shop
D:3:      layout_basic, gammafunk_ghost_grave, uniq_terence
D:4:      layout_basic, mainiacjoe_overflow_concentric_impassable

Skill      XL: |  1  2  3  4  5 |
---------------+----------------+-----
Transmutations | 2 |  2.6
Spellcasting   | 5 |  5.3
Invocations    | 1 2 |  2.1
Fighting       | 1 |  1.9
Short Blades   | 1 |  1.9
Long Blades    | 1 |  1.9
Axes           | 1 |  1.9
Maces & Flails | 1 |  1.9
Polearms       | 1 |  1.9
Staves         | 1 |  1.9
Slings         | 1 |  1.9
Bows           | 1 |  1.9
Crossbows      | 1 |  1.9
Throwing       | 1 |  1.9
Armour         | 1 |  1.9
Shields        | 1 |  1.9
Unarmed Combat | 1 |  1.9
Evocations     | 1 |  1.9
Conjurations   | 1 |  1.5
Hexes          | 1 |  1.5
Summonings     | 1 |  1.5
Necromancy     | 1 |  1.5
Translocations | 1 |  1.5
Fire Magic     | 1 |  1.5
Ice Magic      | 1 |  1.5
Air Magic      | 1 |  1.5
Earth Magic    | 1 |  1.5
Dodging        | |  4.9
Stealth        | |  4.5
Poison Magic   | |  5.6

Action                   |  1- 3 |  4- 6 || total
-------------------------+-------+-------++-------
Melee: Short sword       |    11 |    61 ||    72
       Bite              |       |     5 ||     5
 Cast: Sting             |    34 |    56 ||    90
       Poisonous Vapours |    30 |    32 ||    62
       Mephitic Cloud    |       |     5 ||     5
       Swiftness         |       |     1 ||     1
  Use: Scroll            |     1 |       ||     1
       Potion            |       |     3 ||     3
 Stab: Confused          |       |     1 ||     1
       Sleeping          |       |     1 ||     1
Armor: Robe              |     6 |    20 ||    26
Dodge: Dodged            |    22 |    57 ||    79
Block: Buckler           |     3 |    17 ||    20
